AoeStats
← decity

Arena

509324725Analyzed
1v1 RM · 5d ago on Sep 26, 2026· 76m 55s· 2 players
Game mode
Random Map
Map size
Tiny (2 player)
Population
200
Speed
Normal
Resources
Standard
Victory
Conquest
Starting age
Dark Age
Ending age
Imperial Age
RankedLock teamsTeams togetherTeam positionsShared explorationLock speedFull tech treeHidden civsTurbo modeCheats
Victory
Defeat
🇮🇹 Chinese · Italy
639
+17
🇭🇷 Britons · Croatia
665
-17
decity
0:39 Loom
12:13 Feudal Age
12:35 Horse Collar
12:41 Double-Bit Axe
15:13 Gold Mining
19:19 Castle Age
18:34 Stone Mining
20:50 Stone Shaft Mining
20:52 Gold Shaft Mining
20:30 Bow Saw
20:22 Heavy Plow
20:31 Scale Mail Armor
21:48 Wheelbarrow
24:25 Forging
26:47 Chain Mail Armor
26:24 Fletching
27:37 Squires
27:55 Padded Archer Armor
28:31 Iron Casting
28:16 Elite Skirmisher
33:42 Imperial Age
31:31 Hand Cart
32:58 Leather Archer Armor
32:38 Bodkin Arrow
33:46 Town Watch
34:21 Thumb Ring
34:38 Pikeman
36:07 Ring Archer Armor
35:38 Bracer
36:09 Plate Mail Armor
36:39 Blast Furnace
37:41 Two-Man Saw
36:50 Town Patrol
37:14 Capped Ram
41:01 Scale Barding Armor
40:20 Halberdier
41:51 Light Cavalry
42:41 Bloodlines
42:32 Husbandry
43:19 Fervor
43:30 Sanctity
44:08 Chain Barding Armor
53:44 Rocketry
54:51 Cavalier
61:16 Siege Ram
63:18 Plate Barding Armor
70:13 Elite Chu Ko Nu
Lanyco
0:39 Loom
11:04 Feudal Age
13:29 Horse Collar
13:37 Double-Bit Axe
15:25 Gold Mining
21:46 Castle Age
21:24 Stone Mining
27:26 Fletching
27:36 Padded Archer Armor
30:31 Imperial Age
31:15 Heavy Plow
31:28 Bow Saw
31:56 Gold Shaft Mining
31:12 Town Watch
32:03 Wheelbarrow
32:13 Bodkin Arrow
32:34 Leather Archer Armor
33:02 Hoardings
33:42 Ballistics
33:35 Fortified Wall
33:58 Bracer
35:29 Chemistry
37:40 Ring Archer Armor
42:01 Elite Longbowman
43:02 Yeomen
43:14 Masonry
43:00 Murder Holes
44:43 Two-Man Saw
52:01 Town Patrol
64:46 Hand Cart
Connection lost

Rejoining the realm…

Still unreachable

The connection could not be restored.

Session expired

The server has moved on; the page needs a fresh start.